 Dungeon Crawl Stone Soup version 0.31-a0-210-gccc998df9b (webtiles) character file.

Game seed: 14647057568713780675

107 qw the Shooter (level 4, -1/36 HPs)
             Began as a Minotaur Hexslinger on June 30, 2023.
             Succumbed to an orc wizard's poison
             ... on level 3 of the Dungeon.
             The game lasted 00:00:40 (2014 turns).

qw the Shooter (Minotaur Hexslinger)                Turns: 2014, Time: 00:00:41

Health: -1/36      AC:  6    Str: 12      XL:     4   Next: 57%
Magic:  4/4        EV: 10    Int: 10      God:
Gold:   6          SH:  0    Dex: 13 (15) Spells: 4/5 levels left

rFire   . . .        Y - +2 sling (freeze)
rCold   . . .        (no shield)
rNeg    . . .        i - +0 ring mail
rPois   .            (helmet restricted)
rElec   .            (no cloak)
rCorr   .            (no gloves)
SInv    .            a - +0 pair of boots
Will    .....        (no amulet)
Stlth   +            (no ring)
HPRegen 0.26/turn    (no ring)
MPRegen 0.09/turn

%: no passive effects
@: lethally poisoned (-1 -> -14)
A: horns 2, retaliatory headbutt, talons 1, deterioration 1, evolution 1
a: no special abilities


You were on level 3 of the Dungeon.
You visited 1 branch of the dungeon, and saw 3 of its levels.

You collected 153 gold pieces.
You spent 147 gold pieces at shops.


Innate Abilities, Weirdness & Mutations

You have a pair of horns on your head.
You reflexively headbutt those who attack you in melee.
You have sharp toenails.
Your body sometimes deteriorates upon taking damage.
You have hidden genetic potential.


   Skills:
 + Level 2.0 Fighting
 - Level 5.0 Ranged Weapons
 - Level 1.0 Armour
 - Level 2.1 Dodging
 - Level 1.0 Spellcasting
 - Level 2.0 Hexes


You had 4 spell levels left.
You knew the following spells:

 Your Spells              Type           Power      Damage    Failure   Level
a - Slow                  Hex            16%        N/A       34%         1

Your spell library contained the following spells:

 Spells                   Type           Power      Damage    Failure   Level
 Inner Flame              Hex/Fire       2%         N/A       83%         3
 Portal Projectile        Hex/Tloc       4%         N/A       83%         3
 Cause Fear               Hex            2%         N/A       98%         4

Inventory:

Hand Weapons
 Y - a +2 sling of freezing (weapon)
Armour
 a - a +0 pair of boots (worn)
 i - a +0 ring mail (worn)
Scrolls
 b - 2 scrolls of teleportation {unknown}
 g - 4 scrolls of identify
Potions
 c - a potion of resistance {unknown}
 d - a potion of mutation
 e - a potion of haste
 j - a potion of enlightenment

Dungeon Overview and Level Annotations

Branches:
Dungeon (3/15)

Altars:

Shops:
D:2 ?   D:3 *


Message History

The orc is almost dead.
You shoot a sling bullet. The sling bullet hits the orc!
The sling bullet freezes the orc.
You kill the orc!
An orc comes into view. It is wielding a +0 flail.
Your Ranged Weapons skill increases to level 5!
You shoot a sling bullet. The sling bullet hits the orc wizard.
The sling bullet freezes the orc wizard.
The orc wizard is heavily wounded.
An orc comes into view.
It is wielding a +1 short sword of holy wrath.
You shoot a sling bullet. The sling bullet misses the orc wizard.
The orc shouts!
You shoot a sling bullet.
The sling bullet barely misses the orc wizard.
You shoot a sling bullet.
The sling bullet closely misses the orc wizard.
The orc wizard hits you but does no damage.
You are poisoned.
The orc wizard hits you but does no damage.
You are more poisoned.
You shoot a sling bullet.
The sling bullet hits the orc wizard but does no damage.
The orc wizard is moderately wounded.
You feel very sick. The orc hits you with a +0 flail.
The orc wizard closely misses you.
You shoot a sling bullet.
The sling bullet barely misses the orc wizard.
You feel very sick. The orc hits you with a +0 flail.
You shoot a sling bullet.
The sling bullet closely misses the orc wizard.
Your body deteriorates!
You feel clumsy.
You feel very sick. The orc hits you with a +0 flail!
The orc wizard hits you but does no damage.
You are more poisoned.
The orc hits you with a +1 short sword of holy wrath.
Your body deteriorates!
You feel clumsy.
You shoot a sling bullet.
The sling bullet barely misses the orc wizard.
You die...

######. .# #########
. ........#
########.########.#
.........#........#
.#................#
.# #######.##....##
.#.#........#....###
...#............@o.#
####........#..oo#.#
...+...............#
####%.......#..).###
............+....#
.###........#)#.##
.# #........#.#.. .#
##########.#.
.#######


You could see an orc wizard and 2 orcs.

Vanquished Creatures
  Natasha (D:2)
  3 adders
  A worm (D:2)
  2 dart slugs
  3 orcs (D:3)
  5 endoplasms
  A giant cockroach (D:3)
  5 goblins
  4 hobgoblins
  3 jackals (D:2)
  3 kobolds
  A quokka (D:3)
  4 ball pythons
  4 bats
  A frilled lizard (D:2)
  3 rats
44 creatures vanquished.

Notes
Turn   | Place    | Note
-------+----------+-------------------------------------------
     0 | D:1      | qw the Minotaur Hexslinger began the quest for the Orb.
     0 | D:1      | Reached XP level 1. HP: 16/16 MP: 1/1
     0 | D:1      | 0 ||| qw: Version: 0.3-a-26-gee661ec
     0 | D:1      | 0 ||| qw: Game counter: 7310
     0 | D:1      | 0 ||| qw: Melee chars always use a shield: true
     0 | D:1      | 0 ||| qw: God list: Okawaru
     0 | D:1      | 0 ||| qw: Allow faded altars: false
     0 | D:1      | 0 ||| qw: Do Orc after clearing Dungeon:15 true
     0 | D:1      | 0 ||| qw: Do second Lair branch before Depths: true
     0 | D:1      | 0 ||| qw: Lair rune preference: random
     0 | D:1      | 0 ||| qw: Goals: Normal
     0 | D:1      | 0 ||| PLANNING D:1-11
   320 | D:1      | Reached skill level 3 in Ranged Weapons
   322 | D:1      | Reached XP level 2. HP: 23/23 MP: 2/2
   694 | D:1      | 694 ||| UPGRADING to +0 ring mail.
   704 | D:1      | 704 ||| DROPPING +0 robe.
   705 | D:1      | 705 ||| READING scroll labelled JUNUKHL EKLEFFI.
   706 | D:1      | 706 ||| READING scroll labelled BOURYD KIHUICU.
   707 | D:1      | 707 ||| READING scroll labelled DUISHR TAICRARPH.
   708 | D:1      | 708 ||| DRINKING 2 metallic green potions.
   745 | D:1      | 745 ||| DROPPING scroll of poison.
   746 | D:1      | 746 ||| DROPPING potion of lignification.
   988 | D:2      | Reached XP level 3. HP: 16/29 MP: 3/3
  1257 | D:2      | Noticed Natasha
  1258 | D:2      | 1258 ||| FLEEEEING.
  1259 | D:2      | 1259 ||| FLEEEEING.
  1260 | D:2      | 1260 ||| FLEEEEING.
  1261 | D:2      | 1261 ||| FLEEEEING.
  1262 | D:2      | 1262 ||| FLEEEEING.
  1263 | D:2      | 1263 ||| FLEEEEING.
  1264 | D:2      | 1264 ||| FLEEEEING.
  1265 | D:2      | 1265 ||| FLEEEEING.
  1266 | D:2      | 1266 ||| FLEEEEING.
  1278 | D:2      | Killed Natasha
  1279 | D:2      | Reached skill level 4 in Ranged Weapons
  1326 | D:2      | Reached XP level 4. HP: 33/36 MP: 4/4
  1359 | D:2      | Reached skill level 1 in Armour
  1526 | D:2      | Found Kiefoaz's Magic Scroll Shop.
  1536 | D:2      | 1536 ||| SHOPLISTING 2 scrolls of enchant weapon (150 gold,
                  | have 140).
  1536 | D:2      | 1536 ||| BUYING scroll of identify (20 gold).
  1536 | D:2      | Bought a scroll of identify for 20 gold pieces
  1536 | D:2      | 1536 ||| BUYING scroll of identify (20 gold).
  1536 | D:2      | Bought a scroll of identify for 20 gold pieces
  1536 | D:2      | 1536 ||| BUYING scroll of identify (20 gold).
  1536 | D:2      | Bought a scroll of identify for 20 gold pieces
  1536 | D:2      | 1536 ||| BUYING scroll of identify (20 gold).
  1536 | D:2      | Bought a scroll of identify for 20 gold pieces
  1536 | D:2      | 1536 ||| BUYING scroll of identify (20 gold).
  1536 | D:2      | Bought a scroll of identify for 20 gold pieces
  1536 | D:2      | 1536 ||| BUYING scroll of identify (20 gold).
  1536 | D:2      | Bought a scroll of identify for 20 gold pieces
  1536 | D:2      | 1536 ||| SHOPLISTING scroll of teleportation (30 gold, have
                  | 20).
  1594 | D:2      | 1594 ||| UPGRADING to +0 pair of boots.
  1599 | D:2      | 1599 ||| READING scroll labelled AFEQUEL QEUJAFA.
  1600 | D:2      | 1600 ||| READING scroll labelled LIBBOGR EWUVVE.
  1601 | D:2      | 1601 ||| DRINKING 2 glowing puce potions.
  1601 | D:2      | Gained mutation: Your body sometimes deteriorates upon
                  | taking damage. [potion of mutation]
  1601 | D:2      | Gained mutation: You have sharp toenails. [potion of
                  | mutation]
  1601 | D:2      | Gained mutation: You have hidden genetic potential. [potion
                  | of mutation]
  1602 | D:2      | 1602 ||| READING 6 scrolls of identify.
  1602 | D:2      | 1602 ||| IDENTIFYING bubbling puce potion
  1603 | D:2      | 1603 ||| READING 5 scrolls of identify.
  1603 | D:2      | 1603 ||| IDENTIFYING black potion
  1604 | D:2      | 1604 ||| READING 4 scrolls of identify.
  1604 | D:2      | 1604 ||| IDENTIFYING glowing yellow potion
  1605 | D:2      | 1605 ||| DROPPING potion of magic.
  1623 | D:3      | Found a faded altar of an unknown god.
  1650 | D:3      | Found Ilahod's Assorted Antiques.
  1664 | D:3      | 1664 ||| SHOPLISTING 2 brown potions (55 gold, have 33).
  1664 | D:3      | 1664 ||| BUYING blue potion (27 gold).
  1664 | D:3      | Bought a blue potion for 27 gold pieces
  1664 | D:3      | 1664 ||| SHOPLISTING brown potion (27 gold, have 6).
  1664 | D:3      | 1664 ||| SHOPLISTING faintly glowing sling (201 gold, have
                  | 6).
  1664 | D:3      | 1664 ||| SHOPLISTING scroll of identify (62 gold, have 6).
  1664 | D:3      | 1664 ||| SHOPLISTING viscous orange potion (27 gold, have
                  | 6).
  2007 | D:3      | Reached skill level 5 in Ranged Weapons
  2013 | D:3      | HP: 7/36 [orc/+0 flail (7)]
  2013 | D:3      | HP: 2/36 [orc/+1 short sword of holy wrath (5)]
  2014 | D:3      | Succumbed to an orc wizard's poison

Levels and vault maps discovered:
D:1:      lemuel_arrival_muddy, layout_loops_ring, nrook_mini_vaults,
          grunt_decor_fettered, nicolae_kite_square_tiling_tiny,
          minmay_tetromino_s4
D:2:      layout_loops_ring, serial_shops, nicolae_lakefront_shop, uniq_natasha
D:3:      layout_basic, lemuel_coloured_pillars_altar, xom_teletrap_fun,
          nicolae_ecumenical_pavilion, serial_shops, shop, chequers_jeans

Skill      XL: |  1  2  3  4 |
---------------+-------------+-----
Ranged Weapons | 3 4 5 |  5.0
Fighting       | 2 |  2.0
Armour         | 1 |  1.0
Dodging        | |  2.1
Spellcasting   | |  1.0
Hexes          | |  2.0

Action                     |  1- 3 |  4- 6 || total
---------------------------+-------+-------++-------
   Fire: Sling             |    78 |    52 ||   130
    Use: Scroll            |     3 |     5 ||     8
         Potion            |     1 |     1 ||     2
 Armour: Robe              |     2 |       ||     2
         Ring mail         |     9 |     4 ||    13
  Dodge: Dodged            |    25 |     9 ||    34

Table legend:
 A = Non-vault XP
 B = Vault XP
 C = Vault XP percentage of total XP
 D = Non-vault monster count
 E = Vault monster count
 F = Vault count percentage of total count
                 A         B        C        D         E       F
            +---------+---------+-------+---------+---------+-------
      Total |     118 |      36 |  23.4 |      42 |       2 |   4.5
            +---------+---------+-------+---------+---------+-------
        D:1 |      20 |       1 |   4.8 |      12 |       1 |   7.7
        D:2 |      61 |      35 |  36.5 |      19 |       1 |   5.0
        D:3 |      37 |       0 |   0.0 |      11 |       0 |   0.0
            +---------+---------+-------+---------+---------+-------
